 Dungeon Crawl Stone Soup version 0.22-a0-443-g17c3723 (webtiles) character file.

13111 Supreme the Nimble (level 11, -5/104 HPs)
             Began as a Deep Dwarf Necromancer on June 1, 2018.
             Was a High Priest of Makhleb.
             Slain by a freezing wraith (6 damage)
             ... in an ice cave on June 2, 2018.
             The game lasted 02:40:05 (14514 turns).

Supreme the Nimble (Deep Dwarf Necromancer)        Turns: 14514, Time: 02:40:07

Health: -5/104     AC:  8    Str: 13    XL:     11   Next: 71%
Magic:  2/19       EV: 19    Int: 28    God:    Makhleb [*****.]
Gold:   519        SH:  5    Dex: 13    Spells: 4/21 levels left

rFire    . . .     SeeInvis .   D - +8 mace of the Evening {crush, rC+ Int+5}
rCold    + . .     Gourm    .   (no shield)
rNeg     + . .     Faith    .   a - +0 robe
rPois    .         Spirit   .   F - +2 helmet {Int+3}
rElec    .         Reflect  +   O - +0 cloak
rCorr    .         Harm     .   (no gloves)
MR       +....                  n - +1 pair of boots
Stlth    +++.......             l - +5 amulet of reflection
HPRegen  0.00/turn              W - +2 ring of strength
MPRegen  0.16/turn              p - ring of positive energy

@: very slightly contaminated, non-regenerating, slowed, very slow
A: damage resistance, heal wounds, sense surroundings 2, no regeneration
a: Heal Wounds, Minor Destruction, Lesser Servant of Makhleb, Major Destruction,
Greater Servant of Makhleb, Renounce Religion


You were in an ice cave.
You worshipped Makhleb.
Makhleb was extremely pleased with you.
You were not hungry.

You visited 3 branches of the dungeon, and saw 12 of its levels.
You also visited: Ossuary and Ice Cave.

You collected 519 gold pieces.

Inventory:

Hand Weapons
 g - a +1 blowgun
 D - the +8 mace of the Evening (weapon) {crush, rC+ Int+5}
   (You found it on level 4 of the Dungeon)

   It inflicts extra damage upon your enemies.
   It affects your intelligence (+5).
   It protects you from cold.
Missiles
 b - 103 poisoned needles
 k - 43 stones (quivered)
 B - 5 poisoned tomahawks
 H - 3 curare-tipped needles
Armour
 a - a +0 robe (worn)
 n - a +1 pair of boots (worn)
 F - a +2 helmet of intelligence (worn)
 O - a +0 cloak (worn)
Jewellery
 l - a +5 amulet of reflection (around neck)
 p - a ring of positive energy (right hand)
 W - a +2 ring of strength (left hand)
Wands
 d - a wand of acid (15)
 f - a wand of enslavement (12)
 r - a wand of random effects (14)
 A - a wand of paralysis (6)
 I - a wand of flame (38)
 M - a wand of iceblast (13)
 P - a wand of digging (8)
Scrolls
 s - 5 scrolls of teleportation
 y - 3 scrolls of enchant weapon
 G - a scroll of fog
Potions
 e - 5 potions of curing
 h - a potion of haste
 i - 6 potions of flight
 j - a potion of agility {unknown}
 u - 4 potions of heal wounds
 v - 4 potions of ambrosia {unknown}
 w - a potion of cancellation
 x - 3 potions of brilliance
 z - a potion of might {unknown}
 J - a potion of degeneration {unknown}
 L - a potion of mutation {unknown}
 R - a potion of lignification {unknown}
Comestibles
 c - 25 rations


   Skills:
 - Level 8.3 Fighting
 - Level 11.3 Dodging
 - Level 5.1 Stealth
 + Level 5.7 Spellcasting
 - Level 7.6 Conjurations
 - Level 0.1 Hexes
 - Level 8.0 Necromancy
 * Level 2.8 Fire Magic


You had 4 spell levels left.
You knew the following spells:

 Your Spells              Type           Power        Failure   Level  Hunger
a - Pain                  Necr           ####         1%          1    None
b - Animate Skeleton      Necr           N/A          1%          1    None
c - Vampiric Draining     Necr           ######....   1%          3    None
d - Animate Dead          Necr           N/A          2%          4    ###....
e - Dazzling Spray        Conj/Hex       ####..       3%          3    None
f - Fireball              Conj/Fire      #####.....   21%         5    #####..

Your spell library contained the following spells:

 Spells                   Type           Power        Failure   Level  Hunger
 Magic Dart               Conj           ####         1%          1    None
 Bolt of Fire             Conj/Fire      #####.....   73%         6    ######.
 Ring of Flames           Chrm/Fire      ###.......   100%        7    #######
 Iskenderun's Mystic Bla  Conj           ######..     2%          4    ###....
 Regeneration             Chrm/Necr      ####......   3%          3    None
 Statue Form              Tmut/Erth      #........    100%        6    ######.
 Dragon Form              Tmut           #.........   100%        7    #######
 Ignite Poison            Fire/Tmut/Pois ##......     13%         3    None
 Fulminant Prism          Conj/Hex       ####......   12%         4    ###....
 Force Lance              Conj/Tloc      ####....     13%         4    ###....
 Searing Ray              Conj           ######       1%          2    None
 Hydra Form               Tmut           #.........   100%        6    ######.
 Irradiate                Conj/Tmut      ####......   34%         5    #####..
 Ignition                 Fire           ###.......   100%        8    #######


Dungeon Overview and Level Annotations

Branches:
Dungeon (8/15)             Temple (1/1) D:4            Lair (3/6) D:8
  Snake (0/4) Lair:3
  Swamp: Lair:2-4    Shoals: Lair:2-4

Altars:
Ashenzari
Cheibriados
Dithmenos
Elyvilon
Gozag
Hepliaklqana
Makhleb
Nemelex Xobeh
Okawaru
Qazlal
Ru
Sif Muna
Trog
Uskayaw
Vehumet
Wu Jian
Xom
Zin
The Shining One

Shops:
D:6 [}[

Annotations:
D:5 Prince Ribbit
Lair:2 1 exclusion


Innate Abilities, Weirdness & Mutations

You are resistant to damage.
You can heal yourself by infusing magical energy.
You passively map the area around you.
You do not regenerate.


Message History

The freezing wraith is almost destroyed.
You block the freezing wraith's attack. The freezing wraith hits you. x2
The freezing wraith freezes you! You resist.
* * * LOW HITPOINT WARNING * * *
The freezing wraith barely misses you.
Unknown command.
You hit the freezing wraith but do no damage.
The freezing wraith is almost destroyed.
The freezing wraith misses you.
The freezing wraith hits you but does no damage.
The freezing wraith barely misses you. The freezing wraith hits you.
* * * LOW HITPOINT WARNING * * *
Unknown command.
You completely miss the freezing wraith.
The freezing wraith is almost destroyed.
You block the freezing wraith's attack. The freezing wraith closely misses you.
The freezing wraith hits you!
* * * LOW HITPOINT WARNING * * *
The freezing wraith freezes you! You resist.
You die...

* , #..W.. ##..#
##...###.## *
.....##..## ##.....##..#
** *#.....#..#
*#...#...#..# * **
#...##≈ #..####....# ≈≈
≈ *≈ *##.## ##..# ##...#
≈ *### ≈##..## ##.## *
≈##...# ### * ####
##....## ##..##* ####
#@W....#
##....#####..####.....##
#.......##....##.......#
#.∩.∩.......#..........#
#..........###.........#
##....##..## ###......##
##..###### ##.....# ####
#......# ##....##


You could see a freezing wraith.

Vanquished Creatures
  5 elephants
  2 spiny frogs
  A komodo dragon (Lair:2)
  5 freezing wraiths (IceCv)
  A wolf spider simulacrum (IceCv)
  2 hippogriffs
  13 yaks
  A wyvern (Lair:2)
  A human (D:7)
  2 hogs (D:7)
  2 basilisks (D:8)
  Edmund (D:6)
  Menkaure (D:5)
  4 porcupines
  6 water moccasins
  5 ice beasts
  2 phantoms
  2 orc warriors (D:8)
  A sky beast (D:7)
  2 ogres
  2 wolves (Lair:3)
  A centaur (D:5)
  3 elf zombies
  4 crocodiles
  7 bullfrogs
  2 big kobolds
  A wyvern skeleton (D:8)
  2 scorpions
  An elf skeleton (D:6)
  5 killer bees (D:7)
  A howler monkey (D:4)
  An electric eel (Lair:2)
  3 centaur zombies (Ossuary)
  A jelly (D:4)
  3 crimson imps
  A bullfrog zombie (D:7)
  2 human zombies
  5 orc priests
  3 hounds
  2 orc wizards
  2 gnoll shamans
  A centaur skeleton (D:6)
  3 iguanas
  6 human skeletons (D:6)
  A killer bee zombie (D:7)
  3 worker ants
  A big kobold zombie (Ossuary)
  A hound zombie (D:7)
  2 hound skeletons
  2 mummies (Ossuary)
  7 gnolls
  A howler monkey skeleton (D:4)
  6 adders
  An adder zombie (D:7)
  2 adder skeletons (D:8)
  A worm (D:2)
  4 dart slugs
  7 leopard geckos
  17 orcs
  7 bats
  3 giant cockroaches
  12 goblins
  5 hobgoblins
  6 jackals
  2 quokkas
  2 ball pythons
  5 frilled lizards
  A goblin zombie (Ossuary)
  9 hobgoblin zombies (Ossuary)
  A jackal skeleton (D:4)
  A jackal zombie (Ossuary)
  34 kobolds
  9 kobold zombies (Ossuary)
  12 orc zombies
  8 rats
  6 plants (D:7)
300 creatures vanquished.

Vanquished Creatures (collateral kills)
  2 rime drakes (Lair:3)
  A wolf spider simulacrum (IceCv)
  A polar bear (Lair:2)
  4 yaks
  A hog (D:7)
  A water moccasin (Lair:3)
  3 ice beasts (IceCv)
  A bullfrog (D:7)
  A swamp dragon simulacrum (IceCv)
  An elephant simulacrum (IceCv)
  A crimson imp (D:7)
  2 hounds (D:7)
  An iguana (D:4)
  5 white imps (IceCv)
  An ooze (D:2)
  An adder zombie (D:7)
  An orc (D:8)
  A goblin (D:1)
  2 jackals
  3 kobolds
  A fungus (Lair:3)
  2 plants
37 creatures vanquished.

Vanquished Creatures (others)
  A wolf (Lair:3)
  2 fungi (D:8)
  6 plants
9 creatures vanquished.

Grand Total: 346 creatures vanquished

Notes
Turn   | Place    | Note
-------+----------+-------------------------------------------
     0 | D:1      | Supreme the Deep Dwarf Necromancer began the quest for the Orb.
     0 | D:1      | Reached XP level 1. HP: 15/15 MP: 3/3
    33 | D:1      | Learned a level 1 spell: Animate Skeleton
   285 | D:1      | Reached XP level 2. HP: 22/22 MP: 4/4
   842 | D:1      | Reached skill level 5 in Necromancy
  1146 | D:2      | Reached XP level 3. HP: 25/28 MP: 1/6
  1418 | D:2      | Found a glowing silver altar of Zin.
  1671 | D:2      | Learned a level 3 spell: Vampiric Draining
  2084 | D:3      | Reached XP level 4. HP: 7/36 MP: 1/7
  2450 | D:3      | Reached XP level 5. HP: 22/42 MP: 2/9
  2456 | D:3      | Learned a level 4 spell: Animate Dead
  3150 | D:3      | Found a stormy altar of Qazlal.
  3507 | D:4      | Noticed a phantom
  3791 | D:4      | Reached XP level 6. HP: 39/49 MP: 1/11
  3841 | D:4      | Got a bloodstained mace
  3849 | D:4      | Identified the +8 mace of the Evening {crush, rC+ Int+5} (You found it on level 4 of the Dungeon)
  3858 | D:4      | Found a staircase to the Ecumenical Temple.
  3867 | Temple   | Entered the Ecumenical Temple
  4043 | Temple   | Became a worshipper of Makhleb the Destroyer
  4677 | D:4      | Reached XP level 7. HP: 48/55 MP: 9/13
  5002 | D:5      | Entered Level 5 of the Dungeon
  5017 | D:5      | Learned a level 3 spell: Dazzling Spray
  5050 | D:5      | Noticed Menkaure
  5667 | D:5      | Noticed Prince Ribbit
  5681 | D:5      | Reached skill level 5 in Spellcasting
  5953 | D:5      | Reached skill level 5 in Stealth
  5953 | D:5      | Reached XP level 8. HP: 46/63 MP: 15/15
  5980 | D:5      | Killed Menkaure
  5980 | D:5      | Reached skill level 1 in Fighting
  6103 | D:6      | Found Juus's Gadget Boutique.
  6179 | D:6      | Reached skill level 1 in Conjurations
  6186 | D:6      | Found a sacrificial altar of Ru.
  6209 | D:6      | Found a sand-covered staircase.
  6222 | Ossuary  | Entered an ossuary
  6329 | Ossuary  | Reached * piety under Makhleb
  6615 | Ossuary  | Reached ** piety under Makhleb
  6648 | D:6      | Reached skill level 3 in Dodging
  6801 | D:6      | Found Inainowo's Antique Armour Boutique.
  6926 | D:6      | Noticed Edmund
  7029 | D:6      | Gained mutation: You passively map the area around you. [Deep Dwarf growth]
  7029 | D:6      | Reached XP level 9. HP: 68/74 MP: 17/17
  7122 | D:6      | Killed Edmund
  7122 | D:6      | Reached skill level 4 in Dodging
  7122 | D:6      | Reached skill level 5 in Conjurations
  7140 | D:6      | Found Yfoif's Armour Shoppe.
  7382 | D:7      | Reached skill level 5 in Dodging
  7789 | D:7      | Reached *** piety under Makhleb
  8021 | D:7      | Reached skill level 6 in Dodging
  8111 | D:7      | Reached skill level 5 in Fighting
  8804 | D:8      | Noticed a two-headed ogre
  8938 | D:8      | HP: 2/81 [two-headed ogre/giant club (10)]
  9033 | D:8      | Found a staircase to the Lair.
  9033 | D:8      | Noticed an elephant
  9037 | D:7      | Reached XP level 10. HP: 15/88 MP: 11/18
  9234 | D:8      | Reached **** piety under Makhleb
  9654 | D:8      | Reached skill level 7 in Dodging
 10302 | Lair:1   | Entered Level 1 of the Lair of Beasts
 10755 | D:8      | Reached skill level 8 in Dodging
 10965 | Lair:1   | Found a radiant altar of Vehumet.
 11549 | Lair:1   | Reached skill level 9 in Dodging
 11905 | Lair:2   | Noticed a spiny frog
 11909 | Lair:2   | Noticed an elephant
 11940 | Lair:2   | Killed a spiny frog
 12192 | Lair:2   | Noticed an elephant
 12194 | Lair:2   | Noticed an elephant
 12194 | Lair:2   | Noticed an elephant
 12216 | Lair:2   | Noticed an elephant
 12265 | Lair:1   | Killed an elephant
 12265 | Lair:1   | Reached XP level 11. HP: 100/100 MP: 2/19
 12438 | Lair:2   | Reached skill level 10 in Dodging
 13894 | Lair:3   | Reached skill level 11 in Dodging
 13924 | Lair:3   | Found a frozen archway.
 14066 | Lair:3   | Found a staircase to the Snake Pit.
 14074 | IceCv    | Entered an ice cave
 14106 | IceCv    | Reached ***** piety under Makhleb
 14218 | IceCv    | Learned a level 5 spell: Fireball
 14253 | IceCv    | Reached skill level 1 in Fire Magic
 14514 | IceCv    | HP: 1/104 [freezing wraith (6)]
 14514 | IceCv    | Slain by a freezing wraith

Vault maps used:
D:1:      erik_arrival_cave_to_civilisation
D:2:      old_standard_altar, first_ration, minmay_domino_2
D:3:      marbit_many_paths
D:4:      kennysheep_spiral_hall, minmay_temple_entry_glass
D:5:      uniq_menkaure, uniq_prince_ribbit1
D:6:      hangedman_ru_absence, serial_shops, shop, kennysheep_mini, shop,
          nicolae_ossuary_entry_catacombs, uniq_edmund
D:7:      kennysheep_kobold_camp, grunt_livestock
D:8:      david_lair_generic
Temple:   eino_temple_scatter_basement
Lair:1:   basic_altar, wad_woods_road_05
Lair:2:   serial_bayou_shore_a, grunt_megastairs_3, serial_bayou_shore_b
Lair:3:   elwin_shoals_entry_rooms, minmay_snake_entry_spellcaster,
          serial_forest, infiniplex_forest_straight_2, infiniplex_forest_end_2,
          infiniplex_forest_clump_tiny, infiniplex_forest_diagonal,
          infiniplex_forest_corner_1, portal_ice_cave_rime
Ossuary:  ossuary_tomb_1
IceCv:    ice_cave_small_necro

Skill      XL: |  1  2  3  4  5  6  7  8  9 10 11 |
---------------+----------------------------------+-----
Spellcasting   | 2 3 4 5 |  5.7
Necromancy     | 5 6 7 8 |  8.0
Stealth        | 3 5 |  5.1
Fighting       | 2 5 7 8 |  8.3
Conjurations   | 4 6 7 |  7.6
Dodging        | 3 6 9 11 | 11.3
Fire Magic     | 2 |  2.8
Hexes          | |  0.1

Action                   |  1- 3 |  4- 6 |  7- 9 | 10-12 || total
-------------------------+-------+-------+-------+-------++-------
Melee: Dagger            |    18 |    27 |       |       ||    45
       Mace              |       |    16 |   415 |   173 ||   604
       Short sword       |       |       |    15 |       ||    15
 Cast: Pain              |    56 |    27 |    17 |    14 ||   114
       Animate Skeleton  |    20 |    20 |    11 |    19 ||    70
       Vampiric Draining |     4 |    41 |    40 |   109 ||   194
       Animate Dead      |       |     1 |     5 |    18 ||    24
       Dazzling Spray    |       |       |    36 |    16 ||    52
       Fireball          |       |       |       |     7 ||     7
 Abil: Heal Wounds       |       |       |     1 |     2 ||     3
Evoke: Wand              |       |       |     3 |    26 ||    29
  Use: Scroll            |       |       |    10 |    13 ||    23
       Potion            |       |       |     1 |     6 ||     7
 Stab: Sleeping          |     8 |     4 |    16 |     3 ||    31
       Distracted        |       |       |     2 |     1 ||     3
       Paralysed         |       |       |     2 |       ||     2
       Invisible         |       |       |     1 |     1 ||     2
  Eat: Chunk             |     4 |    10 |    13 |    17 ||    44
       Ration            |       |     1 |     1 |     2 ||     4
Armor: Robe              |    11 |     5 |    80 |    56 ||   152
Dodge: Dodged            |    21 |    45 |   224 |   270 ||   560
Block: Other             |     2 |    14 |    92 |    83 ||   191
       Reflection        |     1 |       |     1 |     2 ||     4

Table legend:
 A = Spawn XP
 B = Non-spawn XP
 C = Spawn XP percentage of total XP
 D = Spawn monster count
 E = Non-spawn monster count
 F = Spawn count percentage of total count
 G = Total turns spent on level
                    A         B        C        D         E        F      G
               +---------+---------+-------+---------+---------+-------+---------
         Total |       0 |   18730 |   0.0 |       0 |     328 |   0.0 | 14514
               +---------+---------+-------+---------+---------+-------+---------
           D:1 |       0 |      39 |   0.0 |       0 |      25 |   0.0 |  1117
           D:2 |       0 |      48 |   0.0 |       0 |      16 |   0.0 |  1060
           D:3 |       0 |     216 |   0.0 |       0 |      36 |   0.0 |  1379
           D:4 |       0 |     596 |   0.0 |       0 |      22 |   0.0 |  1355
           D:5 |       0 |     697 |   0.0 |       0 |      16 |   0.0 |   993
           D:6 |       0 |     916 |   0.0 |       0 |      22 |   0.0 |   733
           D:7 |       0 |    1959 |   0.0 |       0 |      50 |   0.0 |  1612
           D:8 |       0 |    1951 |   0.0 |       0 |      32 |   0.0 |  1496
        Lair:1 |       0 |    5094 |   0.0 |       0 |      26 |   0.0 |  1803
        Lair:2 |       0 |    3285 |   0.0 |       0 |      18 |   0.0 |  1711
        Lair:3 |       0 |     825 |   0.0 |       0 |       6 |   0.0 |   223
       Ossuary |       0 |     478 |   0.0 |       0 |      39 |   0.0 |   406
         IceCv |       0 |    2626 |   0.0 |       0 |      20 |   0.0 |   440
               +---------+---------+-------+---------+---------+-------+---------
